Cogmind - Beta 9.6 @@@ ROGUE MODE // 2020.09.13 @ 17:37:43 Player: Finestep Result: Destroyed by NK-0LA with NK-0LA's Tesla Doomcannon Performance ------------- Evolutions (1) 500 Regions Visited (6) 1200 Robots Destroyed (72) 360 Value Destroyed (1250) 1250 Prototype IDs (30) 600 Alien Tech Used (0) 0 Bonus (139) 139 TOTAL SCORE: 4049 Bonus ------- High Alert Combat Kills 8 Follower Combat Kills 164 Aligned with FarCom 300 Friendly Fire -333 Cogmind --------- Core Integrity 0/400 Matter 77/300 Energy 100/100 System Corruption 7% Temperature Cool (39) Movement Core (800) Ox15 Location -8/Mines Parts ------- > --- POWER (1) -------- (None) > --- PROPULSION (3) --- Advanced Myomer Leg > --- UTILITY (3) ------ High-capacity Storage Unit Medium Armor Plating > --- WEAPON (2) ------- Improved Assault Rifle 8R-AWN's Boregun > --- INVENTORY (12) --- Potential Leg Potential Leg Large Storage Unit High-capacity Storage Unit High-capacity Storage Unit Superbattery (2000) Firepult Grenade Launcher Rocket Launcher Signal Generator Peak State ------------ > --- POWER ------------ Light Angular Momentum Engine > --- PROPULSION ------- Light Treads Light Treads Light Treads > --- UTILITY ---------- Experimental Heat Sink High-capacity Storage Unit Medium Armor Plating > --- WEAPON ----------- Firepult > --- INVENTORY -------- Reinforced Fission Core Light Treads Light Treads Medium Armor Plating Medium Armor Plating Medium Armor Plating Improved Assault Rifle Improved Assault Rifle Improved Assault Rifle Improved Assault Rifle Rocket Launcher Signal Generator [Rating: 41] Favorites ----------- Power Improved Ion Engine Engine Improved Ion Engine Propulsion Light Treads Treads Light Treads Leg Aluminum Leg Utility Large Storage Unit Device Experimental Heat Sink Storage Large Storage Unit Protection Medium Armor Plating Weapon Assault Rifle Energy Gun EM Pulse Gun Energy Cannon Heavy Particle Cannon Ballistic Gun Assault Rifle Ballistic Cannon Assault Cannon Launcher Rocket Launcher Special Weapon Mining Laser Special Melee Weapon Datajack Build | -11 -10 -10 -9 -9 -9 -8 ------- Run | Scr Mat Min Mat Min Exi Min Slots Evolved 2 | . . . 2 . . . Power . | . . . . . . . Propulsion 1 | . . . 1 . . . Utility 1 | . . . 1 . . . Weapon . | . . . . . . . Parts Attached 99 | 7 9 18 32 . 28 5 Power 5 | 1 . 1 2 . 1 . Engine 5 | 1 . 1 2 . 1 . Core . | . . . . . . . Reactor . | . . . . . . . Propulsion 30 | 2 2 7 14 . 4 1 Treads 10 | 2 2 . 3 . 3 . Leg 20 | . . 7 11 . 1 1 Wheel . | . . . . . . . Hover . | . . . . . . . Flight . | . . . . . . . Utility 22 | 1 2 . 5 . 12 2 Device 2 | . . . 1 . 1 . Storage 10 | 1 2 . 4 . 3 . Processor . | . . . . . . . Hackware . | . . . . . . . Protection 10 | . . . . . 8 2 Artifact . | . . . . . . . Weapon 42 | 3 5 10 11 . 11 2 Energy Gun 8 | 3 3 2 . . . . Energy Cannon 7 | . . 1 4 . 2 . Ballistic Gun 20 | . 2 5 3 . 8 2 Ballistic Cannon 1 | . . 1 . . . . Launcher 3 | . . . 2 . 1 . Special Weapon 1 | . . 1 . . . . Impact Weapon . | . . . . . . . Slashing Weapon . | . . . . . . . Piercing Weapon . | . . . . . . . Special Melee Weapon 2 | . . . 2 . . . Unidentified Prototypes 5 | . . . 1 . 3 1 Parts Lost 20 | . 4 5 . . 4 7 Power 2 | . . 1 . . . 1 Propulsion 9 | . 2 2 . . 2 3 Utility 4 | . . . . . 2 2 Weapon 5 | . 2 2 . . . 1 Highest Loss Streak 7 | . 2 3 . . 2 7 Average Slot Usage (%) 96 | . 94 99 98 100 93 93 Engine 12 | . 14 14 11 11 11 8 Treads 19 | . 23 1 2 33 32 26 Leg 11 | . . 25 30 . . 6 Storage 27 | . 27 28 31 33 22 19 Protection 1 | . . . . . 4 11 Energy Gun 3 | . 26 2 . . . . Energy Cannon 2 | . . 2 7 . . . Ballistic Gun 11 | . 1 19 1 11 16 19 Ballistic Cannon 4 | . . 2 11 11 2 . Naked Turns . | . . . . . . . Heaviest Build 94 | 10 39 46 82 78 94 86 Greatest Support 60 | 40 40 20 60 60 60 60 Greatest Overweight (x) 3 | . 1 3 3 1 1 2 Average Overweight (x) . | . . 1 1 1 . 1 Largest Inventory Capacity 26 | 6 16 16 24 24 26 20 Average Capacity 18 | 5 15 16 21 24 19 18 Most Carried 26 | 2 16 16 24 24 26 20 Average Carried 17 | 1 10 15 20 24 18 17 Final Capacity 24 | 6 16 16 24 24 20 12 Final Carried 24 | 2 14 16 24 24 20 11 Class Distribution -------------------- 49% | Hauler-Mutant 25% | Scavenger-Mutant 25% | Mutant Dominant Class ---------------- Mutant | -10/Materials Scavenger-Mutant | -10/Mines Hauler-Mutant | -9/Materials Hauler-Mutant | -9/Mines Hauler-Mutant | -9/Exiles Hauler-Mutant | -8/Mines Resources | -11 -10 -10 -9 -9 -9 -8 ----------- Run | Scr Mat Min Mat Min Exi Min Matter Collected 1672 | 270 62 274 520 41 505 . Remotely . | . . . . . . . Salvage Created 2088 | 127 421 617 774 . 122 27 Parts 124 | 10 38 22 47 . 3 4 Haulers Intercepted 7 | . 1 . 6 . . . Recyclers Shooed 6 | 1 5 . . . . . Parts Field Recycled . | . . . . . . . Retrieved Matter . | . . . . . . . Parts Self-Destructed . | . . . . . . . Prevented . | . . . . . . . Kills | -11 -10 -10 -9 -9 -9 -8 ------- Run | Scr Mat Min Mat Min Exi Min Combat Hostiles Destroyed 51 | . 15 13 17 . 6 . Guns 25 | . 12 11 1 . 1 . Cannons 15 | . . 2 13 . . . AOE 11 | . 3 . 3 . 5 . Classes Destroyed 13 | 2 5 3 3 . . . Worker 1 | . 1 . . . . . Builder 1 | . . 1 . . . . Tunneler 3 | 2 . . . . . 1 Hauler 7 | . 1 . 6 . . . Recycler 4 | 1 1 2 . . . . Operator 1 | . . . 1 . . . Watcher 3 | . 2 . 1 . . . Swarmer 19 | . 12 . 7 . . . Grunt 19 | . 3 9 7 . . . Brawler 1 | . . . 1 . . . Sentry 2 | . . . 2 . . . Demolisher 1 | . . 1 . . . . Assembled 9 | . . 3 . . 6 . Best Kill Streak 5 | 2 4 3 5 . 5 1 Combat Bots Only 5 | . 3 3 4 . 5 . Max Kills in Single Turn 3 | 1 3 1 2 . 3 1 Gunslinging . | . . . . . . . Exploded 3 | . 2 . 2 . 3 . Melee . | . . . . . . . Uniques/NPCs Destroyed 1 | . . . . . 1 . 8R-AWN (-9/Exiles) Combat | -11 -10 -10 -9 -9 -9 -8 -------- Run | Scr Mat Min Mat Min Exi Min Damage Taken 4166 | . 572 674 446 . 1532 942 Core 575 | . 65 107 98 . 203 102 Absorbed by Shields . | . . . . . . . Core Remaining (%) 65 | 100 . 31 . . . . Volleys Fired 284 | 11 62 53 85 . 60 13 Largest 2 | 2 2 2 2 . 2 2 Hottest 250 | 90 90 119 119 . 250 53 Shots Fired 475 | 22 113 101 108 . 105 26 Gun 347 | 22 113 89 7 . 90 26 Cannon 118 | . . 10 96 . 12 . Launcher 8 | . . . 5 . 3 . Special 2 | . . 2 . . . . Kinetic 242 | . 3 82 41 . 90 26 Thermal 181 | 22 77 8 62 . 12 . Explosive 8 | . . . 5 . 3 . Electromagnetic 44 | . 33 11 . . . . Robot Hit Streak 19 | 8 6 11 7 . 19 9 Robot Miss Streak 6 | 2 3 3 6 . 4 2 Penetration Max . | . . . . . . . Secondary Targets 3 | . 2 1 . . . . Max Gunslinging Chain 1 | . 1 1 . . . . Shots Hit Robots 315 | 15 69 76 56 . 78 21 Core Hits 130 | 4 24 36 27 . 33 6 Critical Hits 3 | . . 1 2 . . . Critical Kills 1 | . . 1 . . . . Critical Parts Destroyed 1 | . . . 1 . . . Melee Attacks 1 | . . . 1 . . . Impact . | . . . . . . . Slashing . | . . . . . . . Piercing . | . . . . . . . Sneak Attacks 1 | . . . 1 . . . Combat Hostiles . | . . . . . . . Follow-up Attacks . | . . . . . . . Damage Inflicted 5790 | 181 1200 835 1800 . 1522 252 Guns 2884 | 181 831 599 64 . 957 252 Cannons 1620 | . . 236 1384 . . . Explosions 1282 | . 365 . 352 . 565 . Melee . | . . . . . . . Ramming 4 | . 4 . . . . . Kinetic 2390 | . 16 589 576 . 957 252 Thermal 2195 | 181 940 129 872 . 73 . Explosive 844 | . . . 352 . 492 . Electromagnetic 357 | . 240 117 . . . . Impact . | . . . . . . . Slashing . | . . . . . . . Piercing . | . . . . . . . Highest Corruption 7 | . . . . . . 7 Average Corruption 4 | . . . . . . 4 Corruption Purged . | . . . . . . . Effects 1 | . . . . . . 1 Heat Flow Errors 1 | . . . . . . 1 Overload Shots . | . . . . . . . Overflow Damage 108 | . 55 17 15 . 21 . Projectiles 32 | . . 17 15 . . . Explosions 76 | . 55 . . . 21 . Melee . | . . . . . . . Knockbacks 2 | . . . 2 . . . Impact . | . . . . . . . Kinetic 2 | . . . 2 . . . Secondary . | . . . . . . . Self-Inflicted Damage 113 | . 113 . . . . . Shots 2 | . 2 . . . . . Rammed 1 | . 1 . . . . . Targets Rammed 1 | . 1 . . . . . Kicked . | . . . . . . . Crushed . | . . . . . . . Highest Temperature 342 | 210 230 188 342 . 342 131 Average Temperature 89 | 80 61 35 118 . 170 80 Received Heat Transfer 433 | . 18 319 96 . . . Effects 6 | 1 2 . 1 . 2 . Energy Bleed 1 | . . . 1 . . . Interference 4 | 1 2 . . . 1 . Matter Decay 1 | . . . . . 1 . Siege Activations . | . . . . . . . Robots Corrupted 1 | . 1 . . . . . Combat Hostiles . | . . . . . . . Parts Fried 1 | . 1 . . . . . Impact Corruptions . | . . . . . . . Robots Melted . | . . . . . . . Combat Hostiles . | . . . . . . . Parts Melted 5 | 1 2 . 2 . . . Heat Transferred 4431 | 483 1785 185 1258 . 720 . Parts Sabotaged . | . . . . . . . Parts Stolen . | . . . . . . . Parts Stripped . | . . . . . . . Power Chain Reactions 1 | . 1 . . . . . Missiles Intercepted . | . . . . . . . Alert | -11 -10 -10 -9 -9 -9 -8 ------- Run | Scr Mat Min Mat Min Exi Min Peak Influence 407 | 15 333 147 407 156 . 35 Average Influence 135 | 6 190 54 230 102 . 14 Maximum Alert Level 2 | . 1 . 2 . . . Low Security (%) 70 | 100 41 100 33 100 . 100 Level 1 29 | . 58 . 63 . . . Level 2 . | . . . 3 . . . Level 3 . | . . . . . . . Level 4 . | . . . . . . . Level 5 . | . . . . . . . High Security . | . . . . . . . Max Security . | . . . . . . . Squads Dispatched 8 | . 4 1 3 . . . Investigation 5 | . 3 1 1 . . . Extermination . | . . . . . . . Reinforcement 3 | . 1 . 2 . . . Assault . | . . . . . . . Garrison . | . . . . . . . Intercept . | . . . . . . . Construction Impeded . | . . . . . . . Haulers Reinforced . | . . . . . . . Stealth | -11 -10 -10 -9 -9 -9 -8 --------- Run | Scr Mat Min Mat Min Exi Min Distress Signals 2 | . 1 . 1 . . . Communications Jammed . | . . . . . . . Distress Signals . | . . . . . . . Times Spotted 86 | . 23 18 36 . 7 2 Peak Tracking Total 8 | . 4 4 5 . 8 2 Tactical Retreats 13 | . . 1 2 . 10 . Traps | -11 -10 -10 -9 -9 -9 -8 ------- Run | Scr Mat Min Mat Min Exi Min Traps Triggered 6 | . 4 . 2 . . . Indirectly . | . . . . . . . Trap Hack Attempts 46 | . . . 46 . . . Triggered . | . . . . . . . Disarmed . | . . . . . . . Reprogrammed 4 | . . . 4 . . . Reused 3 | . . . . . 3 . Traps Extracted 4 | . . . 4 . . . Installed 3 | . . . . . 3 . Triggered . | . . . . . . . Machines | -11 -10 -10 -9 -9 -9 -8 ---------- Run | Scr Mat Min Mat Min Exi Min Machines Disabled 8 | . 2 . 1 . 4 1 Max in Single Turn 2 | . 2 . 1 . 2 1 Machines Sabotaged . | . . . . . . . Garrisons Compromised . | . . . . . . . Overloaded Fab Kills . | . . . . . . . Fab Network Shutdowns . | . . . . . . . Hacking | -11 -10 -10 -9 -9 -9 -8 --------- Run | Scr Mat Min Mat Min Exi Min Machines Accessed 15 | . 5 2 5 1 2 . Terminals 12 | . 5 1 5 1 . . Fabricators . | . . . . . . . Repair Stations . | . . . . . . . Recycling Units . | . . . . . . . Scanalyzers . | . . . . . . . Garrison Access . | . . . . . . . Total Hacks 39 | . 13 6 12 3 5 . Successful 21 | . 8 3 4 1 5 . Failed 17 | . 5 2 8 2 . . Catastrophic 1 | . . . 1 . . . Database Lockouts 1 | . . 1 . . . . Manual 23 | . 5 5 9 3 1 . Terminals 33 | . 13 5 12 3 . . Fabricators . | . . . . . . . Repair Stations . | . . . . . . . Recycling Units . | . . . . . . . Scanalyzers . | . . . . . . . Garrison Access . | . . . . . . . Terminal Hacks 15 | . 5 3 1 1 5 . Record 4 | . . . . . 4 . Robot Analysis 4 | . 2 1 . 1 . . Prototype ID Bank 1 | . . . 1 . . . Open Door 1 | . . 1 . . . . Terminal Index 1 | . 1 . . . . . Locate Traps 1 | . 1 . . . . . Assault Status 1 | . . 1 . . . . Hauler Manifests 1 | . 1 . . . . . EX-Prototype ID Bank 1 | . . . . . 1 . Fabricator Hacks . | . . . . . . . Repair Station Hacks . | . . . . . . . Recycling Unit Hacks . | . . . . . . . Scanalyzer . | . . . . . . . Garrison Access Hacks . | . . . . . . . Unauthorized Hacks 6 | . 3 . 3 . . . Terminals 6 | . 3 . 3 . . . Track 3 | . 2 . 1 . . . Assimilate 1 | . 1 . . . . . Botnet 2 | . . . 2 . . . Fabricators . | . . . . . . . Repair Stations . | . . . . . . . Recycling Units . | . . . . . . . Scanalyzers . | . . . . . . . Garrison Access . | . . . . . . . Data Cores Recovered . | . . . . . . . Used . | . . . . . . . Hacking Detections 12 | . 5 1 5 1 . . Full Trace Events . | . . . . . . . Feedback Events . | . . . . . . . Feedback Blocked . | . . . . . . . Robot Schematics Acquired . | . . . . . . . Robots Built . | . . . . . . . Matter . | . . . . . . . Time . | . . . . . . . Total Robot Build Rating . | . . . . . . . Part Schematics Acquired . | . . . . . . . Parts Built . | . . . . . . . Matter . | . . . . . . . Time . | . . . . . . . Total Part Build Rating . | . . . . . . . Parts Repaired . | . . . . . . . Time . | . . . . . . . Parts Recycled . | . . . . . . . Recycled Matter . | . . . . . . . Retrieved Matter . | . . . . . . . Retrieved Components . | . . . . . . . Parts Scanalyzed . | . . . . . . . Part Schematics Acquired . | . . . . . . . Parts Damaged . | . . . . . . . Bothacking | -11 -10 -10 -9 -9 -9 -8 ------------ Run | Scr Mat Min Mat Min Exi Min Used RIF Installer . | . . . . . . . Robots Hacked 1 | . . . 1 . . . Non-combat 1 | . . . 1 . . . Combat . | . . . . . . . Robot Hacks Applied 1 | . . . 1 . . . no_distress 1 | . . . 1 . . . Relay Couplers Released . | . . . . . . . Robots Rewired . | . . . . . . . Allies Hacked . | . . . . . . . Hacks Repelled . | . . . . . . . Allies | -11 -10 -10 -9 -9 -9 -8 -------- Run | Scr Mat Min Mat Min Exi Min Total Allies 3 | . . 3 . . . . Largest Group 3 | . . 3 3 . . . Highest-Rated Group 40 | . . 40 40 . . . Highest-Rated Ally 16 | . . 16 16 . . . Total Orders 5 | . . 4 1 . . . STAY 1 | . . 1 . . . . GOTO 2 | . . 1 1 . . . FOLLOW 2 | . . 2 . . . . Ally Attacks 33 | . . 9 24 . . . Total Damage 375 | . . 106 269 . . . Kills 9 | . . 2 7 . . . Allies Corrupted . | . . . . . . . Allies Melted . | . . . . . . . Intel | -11 -10 -10 -9 -9 -9 -8 ------- Run | Scr Mat Min Mat Min Exi Min Robot Analysis Total 4 | . 2 1 . 1 . . Derelict Logs Recovered 3 | . . 2 . 1 . . Drone Launches . | . . . . . . . Drone Recoveries . | . . . . . . . Exploration | -11 -10 -10 -9 -9 -9 -8 ------------- Run | Scr Mat Min Mat Min Exi Min Turns Passed 6287 | 114 806 1348 1126 607 2229 57 Spaces Moved 3058 | 41 357 733 494 338 1090 5 Core 1 | 1 . . . . . . Treads 1927 | 40 357 64 33 338 1090 5 Legs 1130 | . . 669 461 . . . Wheels . | . . . . . . . Hover . | . . . . . . . Flight . | . . . . . . . Fastest Speed 50 | 50 160 150 150 180 160 180 Average Speed 168 | 157 164 158 161 180 177 192 Slowest Speed 210 | 160 180 210 210 180 180 200 Overloaded Moves . | . . . . . . . Propulsion Burnouts . | . . . . . . . Robots Hopped 1 | . . . 1 . . . Cave-ins Triggered . | . . . . . . . Exploration Rate (%) 50 | 4 81 99 39 58 69 4 Regions Visited 6 Branch Regions 4 Pre-discovered Areas 1 | . . . . . 1 . Known Exits Taken 1 | . . 1 . . . . Unknown Exits Taken 5 | 1 1 . 1 1 1 . Scrap Searched 3 | . . 1 . 2 . . Spaces Dug 2 | . . 1 1 . . . Terrain Destroyed 106 | . 26 3 51 . 25 1 Melee . | . . . . . . . Projectile 35 | . . 3 31 . . 1 AOE 71 | . 26 . 20 . 25 . Actions | -11 -10 -10 -9 -9 -9 -8 --------- Run | Scr Mat Min Mat Min Exi Min Total 3757 | 66 465 831 737 337 1296 25 Wait 65 | 6 10 7 5 . 35 2 Move 3050 | 40 356 732 491 337 1089 5 Hop 1 | . . . 1 . . . Pick Up 98 | 1 20 9 37 . 31 . Fast Attach 38 | 7 3 4 7 . 17 . Attach 26 | . 3 3 9 . 8 3 Detach 6 | 1 . . 2 . 3 . Swap 35 | . 3 11 16 . 3 2 Drop 103 | . 7 12 37 . 47 . Fire 284 | 11 62 53 85 . 60 13 Melee 1 | . . . 1 . . . Ram . | . . . . . . . Kick . | . . . . . . . Crush 1 | . 1 . . . . . Escape Stasis . | . . . . . . . Rewire . | . . . . . . . Trap 49 | . . . 46 . 3 . Miscellaneous . | . . . . . . . Route ------- -11/Scrapyard -10/Materials (discovered 3 exits: *Mat / *Min x2) -10/Mines (discovered 2 exits: *Mat x2) -9/Materials (discovered 4 exits: *Mat x3 / *Min) -9/Mines (discovered 2 exits: *Mat / *Exi) -9/Exiles -8/Mines History --------- Turn | Location | Event 7 | -11/Scrapyard | Discovered new exit (range 16) 115 | -11/Scrapyard | Entered Materials 301 | -10/Materials | Build established: Mutant 312 | -10/Materials | Discovered new exit (range 14) 429 | -10/Materials | Discovered new exit (range 16) 480 | -10/Materials | Discovered new exit (range 13) 921 | -10/Materials | Entered Mines 922 | -10/Mines | Assembled infested the area 968 | -10/Mines | Lost 3 parts (1p1n1w) 971 | -10/Mines | Learned location of 2 exits from Materials 1129 | -10/Mines | Central database locked down 1188 | -10/Mines | Assisted by bots powering up and referring to "LRC-V3" 1356 | -10/Mines | Discovered new exit (range 5) 1390 | -10/Mines | Identified exit to Materials 1401 | -10/Mines | Received a Rocket Launcher from a helpful Derelict 1462 | -10/Mines | Core integrity fell below 50% 1640 | -10/Mines | Met a Derelict testing a Signal Generator 1650 | -10/Mines | Found Signal Generator 1747 | -10/Mines | Build established: Scavenger-Mutant 1973 | -10/Mines | Met a Derelict who couldn't figure out how to use a Trap Extractor 2269 | -10/Mines | Entered Materials 2269 | -9/Materials | Accompanied by 3 allies 2269 | -9/Materials | Evolved 2 slots: Propulsion x1, Utility x1 2270 | -9/Materials | Identified exit to Materials 2293 | -9/Materials | Build established: Mutant 2511 | -9/Materials | Discovered exit to Materials (range 11) 2650 | -9/Materials | Build established: Hauler-Mutant 3386 | -9/Materials | Discovered new exit (range 6) 3395 | -9/Materials | Entered Mines 3397 | -9/Mines | Met a Derelict bent on vengeance 3854 | -9/Mines | Discovered exit to Materials (range 15) 3993 | -9/Mines | Deemed a non-threat by the Exiles lab entrance 3995 | -9/Mines | Discovered new exit (range 5) 4002 | -9/Mines | Entered Exiles 4117 | -9/Exiles | Discovered new exit (range 15) 4141 | -9/Exiles | Met 8R-AWN 4172 | -9/Exiles | Met EX-HEX 4242 | -9/Exiles | Met EX-DEC 4251 | -9/Exiles | Learned location of Zion (-6) 4489 | -9/Exiles | Met EX-BIN 4516 | -9/Exiles | Aligned with FarCom system 4518 | -9/Exiles | Given EX-Vault access code 4559 | -9/Exiles | Opened EX-Vault 4574 | -9/Exiles | Found Superbattery 4578 | -9/Exiles | Found Firepult 4585 | -9/Exiles | Found Potential Leg 4589 | -9/Exiles | Found Potential Leg 4626 | -9/Exiles | Warned to stay clear of 0b10 Research branches 5365 | -9/Exiles | Attacked by the Exiles 5467 | -9/Exiles | Destroyed 8R-AWN 5482 | -9/Exiles | Found Prototype Protection 5482 | -9/Exiles | Identified 8R-AWN's Armor/EX 5579 | -9/Exiles | Build established: Scavenger-Mutant 6037 | -9/Exiles | Core integrity fell below 50% 6178 | -9/Exiles | Found Prototype Ballistic Gun 6231 | -9/Exiles | Stole three prototypes: Potential Leg, Superbattery, Firepult 6231 | -9/Exiles | Entered Mines 6261 | -8/Mines | NK-0LA came to Exiles' defense 6272 | -8/Mines | Identified 8R-AWN's Boregun 6275 | -8/Mines | Core integrity fell below 20% 6288 | -8/Mines | Destroyed by NK-0LA with NK-0LA's Tesla Doomcannon Last Messages --------------- 06262_ R-06 Scavenger collects Wheel. 06271_ Slug penetrates Wall. 06272_ Identified 8R-AWN's Boregun. 06274_ Lgt. Angular Momentum Engine destroyed. 06274_ Slug penetrates Wall. 06275_ HV Slug penetrates Wall. 06277_ Slug penetrates Wall. 06278_ System corrupted: Heat flow error (+139). 06278_ Critical hit. 06278_ Med. Armor Plating destroyed. 06278_ HV Slug penetrates Wall. 06280_ Med. Armor Plating destroyed. 06280_ Lgt. Treads destroyed. 06280_ Slug penetrates Wall. 06282_ Lgt. Treads destroyed. 06282_ HV Slug penetrates NK-0LA. 06282_ HV Slug penetrates Wall. 06285_ HV Slug penetrates NK-0LA. 06285_ HV Slug penetrates Wall. 06286_ Slug penetrates Wall. Map ----- +----------------------------------------------------+ | ?????????????????????????????????????????????????? | | ?????????????????????????????????????????????????? | | ?????????????????????????????????????????????????? | | ?????????????????????????????????????????????????? | | ?????????????????????????????????????????????????? | | ?????????????????????????????????????????????????? | | ?????????????????????????????????????????????????? | | ?????????????????????????????????????????????????? | | ?????????????????????????????????????????????????? | | ?????????????????????????????????????????????????? | | ?????????????????????????????????????????????????? | | ?????????????????????????????????????????????????? | | ?????????????????????????????????????????????????? | | ?????????????????????????????????????????????????? | | ?????????????????????????????????????????????????? | | ???????????????????????????####??????????????????? | | ??????????????????????????? ???????????????????? | | ?????????????????????????? ???????????????????? | | ??????????????????????????""" ???????????????????? | | ??????????????????????????""" ???????????????????? | | ???????????????????????????" ???????????????????? | | ??????????????????????????? ???????????????????? | | ???????????????????????????# ###?????????????????? | | ???????????????????????????# ??????????????????? | | ????????????????????????####h##??????????????????? | | ???????????????????????##@[ x ##?????????????????? | | ??????????????????????##[![ #?????????????????? | | ??????????????????????# * #?????????????????? | | ??????????????????????# #?????????????????? | | ??????????????????????## ##?????????????????? | | ???????????????????????## ##??????????????????? | | ????????????????????????######???????????????????? | | ?????????????????????????????????????????????????? | | ?????????????????????????????????????????????????? | | | | | | | | | | | | | | | | | | | | | | | | | | | | | | | | | +----------------------------------------------------+ Best States ------------- Heat Dissipation 54 Energy Generation 18 Energy Capacity 265 Matter Stores 300 Matter Capacity 300 Sight Range 16 Terrain Scan Density 10 Armor Coverage 1000 Resistance: EX 90 Evasion (%) 40 Recoil Reduction 3 Item Schematics ----------------- None Robot Schematics ------------------ None Fabricated ------------ Nothing Alien Tech Used ----------------- None Achievements -------------- None Challenges ------------ None Game ------ Seed LongswordDynamicInsulator Manual? 0 Play Time 00:37:12 Cumulative 475.9 hours Start 2020.09.13 @ 16:56:57 End 2020.09.13 @ 17:37:43 Sessions 1 Manual Loads 0 Difficulty Rogue Special Mode None Game No. 315 Rogue 315 Adventurer 0 Explorer 0 Win Type - Total 5 Types 4/0/0/0/1/0/0 Lore% 86 Gallery% 88 Achievement% 67 Wizard Run 0 Options --------- ASCII 0 Keyboard 0 Movement Mouse Keybinds 1 Fullscreen 2 Font 24/Smallcaps Map View 68x50 Tactical HUD 1 Map Filters NONE Filters NONE Steam 1 RUN: 75d7e763-098d-4e88-84ad-8af22275b6c4